 Dungeon Crawl Stone Soup version 0.21-a0-371-gd56c60c (webtiles) character file.

135 JackS81 the Grave Robber (level 4, -2/30 HPs)
             Began as a Demonspawn Necromancer on Oct 16, 2017.
             Slain by a gnoll
             ... wielding a +0 spear
              (7 damage)
             ... on level 2 of the Dungeon.
             The game lasted 00:09:50 (2677 turns).

JackS81 the Grave Robber (Demonspawn Necromancer)   Turns: 2677, Time: 00:09:50

Health: -2/30      AC:  2    Str: 11    XL:     4   Next: 97%
Magic:  1/7        EV: 12    Int: 17    God:
Gold:   82         SH:  0    Dex: 13    Spells: 2/7 levels left

rFire    . . .     SeeInvis .   k - +0 short sword (venom)
rCold    . . .     Gourm    .   (no shield)
rNeg     . . .     Faith    .   a - +0 robe
rPois    .         Spirit   .   (helmet restricted)
rElec    .         Reflect  .   d - scarf {cloud immunity}
rCorr    .         Harm     .   (no gloves)
MR       .....                  (no boots)
Stlth    ++........             (no amulet)
HPRegen  0.10/turn              j - +2 ring of strength
MPRegen  0.10/turn              (no ring)

@: no status effects
A: antennae 1, demonic guardian 1
a: no special abilities


You were on level 2 of the Dungeon.
You were not hungry.

You visited 1 branch of the dungeon, and saw 2 of its levels.

You collected 82 gold pieces.

Inventory:

Hand Weapons
 c - a +1 antimagic flail
 k - a +0 short sword of venom (weapon)
 o - a +2 halberd of chopping
Missiles
 f - 23 poisoned needles
Armour
 a - a +0 robe (worn)
 d - a scarf of cloud immunity (worn)
Jewellery
 j - a +2 ring of strength (left hand)
Scrolls
 e - 4 scrolls of remove curse {unknown}
 h - 2 scrolls of recharging {unknown}
 i - 5 scrolls of identify {unknown}
 l - 3 scrolls of teleportation {unknown}
Potions
 m - a potion of magic {unknown}
 n - a potion of heal wounds {unknown}
Books
 b - a book of Necromancy

   Spells                             Type                      Level
   a - Pain                           Necromancy                   1
   b - Animate Skeleton               Necromancy                   1
   c - Vampiric Draining              Necromancy                   3
   d - Regeneration                   Charms/Necromancy            3
   e - Animate Dead                   Necromancy                   4
   f - Control Undead                 Necromancy                   4


   Skills:
 - Level 0.2 Short Blades
 - Level 1.7 Dodging
 - Level 1.7 Stealth
 - Level 2.0 Spellcasting
 + Level 6.9 Necromancy


You had 2 spell levels left.
You knew the following spells:

 Your Spells              Type           Power        Failure   Level  Hunger
a - Pain                  Necr           ####         1%          1    #......
b - Animate Dead          Necr           N/A          11%         4    #####..


Dungeon Overview and Level Annotations

Branches:
Dungeon (2/15)

Altars:


Innate Abilities, Weirdness & Mutations

You have a pair of small antennae on your head.
A weak demonic guardian rushes to your aid.


Message History

Your kobold zombie hits the gnoll but does no damage.
A gnoll is nearby!
Unknown command.
A gnoll is nearby!
Casting: Pain
Confirm with . or Enter, or press ? or * to list all spells.
You don't have enough magic to cast that spell.
The gnoll barely misses you.
Your kobold zombie hits the gnoll.
You hit the gnoll.
The gnoll is poisoned.
The gnoll is heavily wounded.
The gnoll hits you with a spear.
* * * LOW HITPOINT WARNING * * *
All of the chunks of flesh in your inventory have rotted away.
You barely miss the gnoll.
The gnoll is heavily wounded.
Your kobold zombie misses the gnoll.
The gnoll closely misses you.
You hit the gnoll but do no damage.
The gnoll is heavily wounded.
The gnoll hits you with a spear!
You die...

#######.........
#.....#.
##......#
#.......
#......#
#.......
#......#
#.......
#......#
#.......
#......#
#.......
#.†....#
#.......
#.))...###
#)....#.
#.@gZ.....
#######.
#...)..... #.
#......... .
#........) .
######.... .
.... . ... ..


You could see a gnoll and a friendly kobold zombie.

Vanquished Creatures
  5 gnolls (D:2)
  2 adders (D:2)
  3 dart slugs
  2 leopard geckos
  7 bats
  2 giant cockroaches (D:1)
  6 hobgoblins
  A jackal (D:2)
  5 kobolds
  A frilled lizard (D:2)
  6 goblins
  7 rats
47 creatures vanquished.

Vanquished Creatures (collateral kills)
  2 gnolls (D:2)
  A jackal (D:2)
3 creatures vanquished.

Grand Total: 50 creatures vanquished

Notes
Turn   | Place    | Note
-------+----------+-------------------------------------------
     0 | D:1      | JackS81 the Demonspawn Necromancer began the quest for the Orb.
     0 | D:1      | Reached XP level 1. HP: 13/13 MP: 3/3
   421 | D:1      | Gained mutation: A weak demonic guardian rushes to your aid. [demonic ancestry]
   421 | D:1      | Reached XP level 2. HP: 14/19 MP: 1/5
   466 | D:1      | Reached skill level 5 in Necromancy
  1158 | D:1      | Reached XP level 3. HP: 24/24 MP: 6/6
  1697 | D:2      | Reached skill level 6 in Necromancy
  2463 | D:2      | Gained mutation: You have a pair of small antennae on your head. [demonic ancestry]
  2463 | D:2      | Reached XP level 4. HP: 30/30 MP: 7/7
  2511 | D:2      | Learned a level 4 spell: Animate Dead
  2677 | D:2      | Slain by a gnoll

Vault maps used:
D:1:      dpeg_arrival_subterranean_lakeside_camping, minmay_cut_off
D:2:      minmay_ruptured

Skill      XL: |  1  2  3 |
---------------+----------+-----
Necromancy     | 5 6 |  6.9
Short Blades   | |  0.2
Dodging        | |  1.7
Stealth        | |  1.7
Spellcasting   | |  2.0

Action                   |  1- 3 |  4- 6 || total
-------------------------+-------+-------++-------
Melee: Unarmed           |     6 |       ||     6
       Short sword       |    60 |    24 ||    84
 Cast: Pain              |    33 |     9 ||    42
       Animate Dead      |       |     2 ||     2
  Use: Potion            |     2 |       ||     2
 Stab: Distracted        |     1 |       ||     1
       Sleeping          |     6 |     1 ||     7
  Eat: Bread ration      |     1 |       ||     1
       Chunk             |       |     2 ||     2
Armor: Robe              |     8 |     2 ||    10
Dodge: Dodged            |    36 |    20 ||    56

Table legend:
 A = Spawn XP
 B = Non-spawn XP
 C = Spawn XP percentage of total XP
 D = Spawn monster count
 E = Non-spawn monster count
 F = Spawn count percentage of total count
 G = Total turns spent on level
                    A         B        C        D         E        F      G
               +---------+---------+-------+---------+---------+-------+---------
         Total |       0 |     194 |   0.0 |       0 |      50 |   0.0 |  2677
               +---------+---------+-------+---------+---------+-------+---------
           D:1 |       0 |      46 |   0.0 |       0 |      25 |   0.0 |  1343
           D:2 |       0 |     148 |   0.0 |       0 |      25 |   0.0 |  1334
               +---------+---------+-------+---------+---------+-------+---------
